 Dungeon Crawl Stone Soup version 0.29.1-15-g9cfb28693d (webtiles) character file.

Game seed: 5401155695144966477

22 Thatpatchoflichen the Ruffian (level 3, 0/29 HPs)
             Began as a Human Berserker on Feb 28, 2023.
             Was a Follower of Trog.
             Slain by a jackal (2 damage)
             ... on level 1 of the Dungeon.
             The game lasted 00:00:59 (1135 turns).

Thatpatchoflichen the Ruffian (Human Berserker)     Turns: 1135, Time: 00:00:59

Health: 0/29       AC:  2    Str: 19    XL:     3   Next: 7%
Magic:  3/3        EV: 12    Int:  7    God:    Trog [*.....]
Gold:   48         SH:  0    Dex: 12    Spells: 2/2 levels left

rFire   . . .      SeeInvis .     - Unarmed
rCold   . . .      Faith    .   (no shield)
rNeg    . . .      Spirit   .   a - +0 animal skin
rPois   .          Reflect  .   (no helmet)
rElec   .          Harm     .   (no cloak)
rCorr   .          Rampage  .   (no gloves)
Will    .....                   (no boots)
Stlth   +.........              (no amulet)
HPRegen 0.09/turn               (no ring)
MPRegen 0.08/turn               (no ring)

@: no status effects
A: no striking features
a: Renounce Religion, Berserk


You were on level 1 of the Dungeon.
You worshipped Trog.
Trog was aware of your devotion.
You visited 1 branch of the dungeon, and saw 1 of its levels.

You collected 48 gold pieces.

Inventory:

Armour
 a - a +0 animal skin (worn)
Scrolls
 b - a scroll of vulnerability {unknown}
 e - a scroll of identify {unknown}
 f - a scroll of noise {unknown}
 g - a scroll of blinking {unknown}
Potions
 c - a potion of invisibility {unknown}
 d - 2 potions of resistance {unknown}


   Skills:
 + Level 3.2 Fighting
 + Level 2.3 Armour
 + Level 2.3 Dodging
 + Level 3.3 Unarmed Combat


You had 2 spell levels left.
You didn't know any spells.
Your spell library was empty.

Dungeon Overview and Level Annotations

Branches:
Dungeon (1/15)

Altars:


Message History

The giant cockroach completely misses you.
The jackal bites you but does no damage.
You barely miss the giant cockroach.
The giant cockroach is severely wounded.
The jackal misses you.
The jackal bites you but does no damage.
The giant cockroach misses you.
You closely miss the giant cockroach.
The giant cockroach is severely wounded.
The jackal bites you.
* * * LOW HITPOINT WARNING * * *
The jackal closely misses you. The giant cockroach bites you.
* * * LOW HITPOINT WARNING * * *
The jackal barely misses you. The jackal bites you.
* * * LOW HITPOINT WARNING * * *
You closely miss the jackal. The jackal bites you.
* * * LOW HITPOINT WARNING * * *
You closely miss the jackal. The jackal misses you.
You hit the jackal but do no damage. The jackal misses you.
The jackal closely misses you.
You hit the jackal.
The jackal is severely wounded.
The jackal misses you.
You miss the jackal.
The jackal is severely wounded.
The jackal bites you but does no damage.
The jackal barely misses you.
You barely miss the jackal.
The jackal is severely wounded.
The jackal closely misses you.
You barely miss the jackal.
The jackal is severely wounded.
The jackal bites you.
* * * LOW HITPOINT WARNING * * *
You hit the jackal.
You kill the jackal!
Trog accepts your kill. The jackal bites you.
You die...

##....#####
###.........#####
#.....#####......
#................
#...).#####......
#................ ####
#.....#####......
...#...##...........(....
......Bh@.....#####......
...#...####..............
#... ##..#####.##### #...
##.......# #...
###.#.##### #...
#.......## ...
#...##############..# #.#
#####.........# ##.# #.#
#.........# #.#


You could see a jackal and a giant cockroach.

Vanquished Creatures
  2 ball pythons (D:1)
  An endoplasm (D:1)
  3 goblins (D:1)
  4 hobgoblins (D:1)
  3 jackals (D:1)
  5 kobolds (D:1)
  A bat (D:1)
19 creatures vanquished.

Notes
Turn   | Place    | Note
-------+----------+-------------------------------------------
     0 | D:1      | Thatpatchoflichen the Human Berserker began the quest for
                  | the Orb.
     0 | D:1      | Reached XP level 1. HP: 18/18 MP: 1/1
   321 | D:1      | Reached XP level 2. HP: 18/24 MP: 2/2
  1113 | D:1      | Reached XP level 3. HP: 29/29 MP: 3/3
  1134 | D:1      | HP: 1/29 [jackal (2)]
  1135 | D:1      | Slain by a jackal

Illustrated notes

Levels and vault maps discovered:
D:1:      psy_arrival_terrarium, layout_basic, minmay_misc_feat_rows

Action                   || total
-------------------------++-------
Melee: Unarmed           ||    83
       Punch             ||     1
Armor: Animal skin       ||    23
Dodge: Dodged            ||    87
